 Dungeon Crawl Stone Soup version 0.31.0-11-ge490571c62 (webtiles) character file.

Game seed: 8728592775618637815

32396 MiniTore the Bludgeoner (level 13, -12/183 HPs)
             Began as a Minotaur Berserker on Feb 6, 2024.
             Was a High Priest of Trog.
             Mangled by a boulder beetle (29 damage)
             ... on level 14 of the Dungeon.
             The game lasted 01:20:18 (11487 turns).

MiniTore the Bludgeoner (Minotaur Berserker)       Turns: 11487, Time: 01:20:20

Health: -12/183    AC: 25    Str: 30    XL:     13   Next: 31%
Magic:  21/21      EV: 11    Int:  3    God:    Trog [*****.]
Gold:   240        SH:  0    Dex:  6    Spells: 12/12 levels left

rFire   . . .        l - +10 great mace of Nakihouz {flame, rPois Str+3 Stlth-}
rCold   . . .        (shield currently unavailable)
rNeg    + + +        c - +10 scale mail of Indemnity {rN+++ Int+4 Dex-4}
rPois   +            (helmet unavailable)
rElec   .            p - +2 cloak {Stlth+}
rCorr   +            (no gloves)
SInv    .            k - +2 pair of boots
Will    +++..        L - amulet of the acrobat Stlth
                     h - ring of magical power
HPRegen 1.50/turn    M - ring "Lametol" {Will+ rCorr Int-5 Slay+4 Stlth+}
MPRegen 0.17/turn

%: acrobat
@: berserking (expiring), strong-willed, regenerating, very quick
A: horns 3, retaliatory headbutt, talons 1
a: Renounce Religion, Berserk, Trog's Hand, Brothers in Arms


You were on level 14 of the Dungeon.
You worshipped Trog.
Trog was extremely pleased with you.
You visited 1 branch of the dungeon, and saw 14 of its levels.
You visited 1 bazaar.
You also visited: Ossuary.

You collected 1182 gold pieces.
You spent 942 gold pieces at shops.

Inventory:

Hand Weapons
 l - the +10 great mace of Nakihouz (weapon) {flame, rPois Str+3 Stlth-}
   (Trog gifted it to you on level 15 of the Dungeon)

   Str+3:     It affects your strength (+3).
   rPois:     It protects you from poison Stlth-: It makes you less stealthy.
 t - a +1 morningstar of protection
Missiles
 f - 12 javelins
 m - 9 boomerangs (quivered)
 n - 6 curare-tipped darts
 s - 34 poisoned darts
Armour
 c - the +10 scale mail of Indemnity (worn) {rN+++ Int+4 Dex-4}
   (You found it on level 7 of the Dungeon)

   Int+4:     It affects your intelligence (+4).
   Dex-4:     It affects your dexterity (-4).
   rN+++:     It renders you almost immune to negative energy.
 k - a +2 pair of boots (worn)
 p - a +2 cloak of stealth (worn)
 C - a +2 plate armour of willpower
 F - the +2 tower shield of Vexation {Will+}
   (You found it on level 15 of the Dungeon)

   Will+:     It increases your willpower.
Jewellery
 h - a ring of magical power (left hand)
 J - a ring of ice
 L - an amulet of the acrobat (around neck)
 M - the ring "Lametol" (right hand) {Will+ rCorr Int-5 Slay+4 Stlth+}
   (You bought it in a shop in a bazaar)

   [ring of willpower]

   Int-5:     It affects your intelligence (-5).
   Slay+4:    It affects your accuracy & damage with ranged weapons and melee
   (+4).
   Will+:     It increases your willpower.
   rCorr:     It protects you from acid and corrosion.
   Stlth+:    It makes you more stealthy.
Wands
 e - a wand of paralysis (7)
 g - a wand of roots (12)
 r - a wand of digging (6)
Scrolls
 d - 4 scrolls of blinking
 i - 2 scrolls of identify
 j - 4 scrolls of poison
 v - a scroll of enchant armour
 w - a scroll of silence
 y - 4 scrolls of teleportation
 H - a scroll of immolation
 K - a scroll of brand weapon
Potions
 a - 2 potions of might
 b - 9 potions of curing
 o - a potion of attraction
 q - 2 potions of cancellation
 u - 3 potions of resistance
 x - a potion of magic
 z - 3 potions of berserk rage
 A - a potion of enlightenment
 B - a potion of mutation
 D - 4 potions of haste
 G - 2 potions of heal wounds
 I - a potion of lignification
Miscellaneous
 E - a sack of spiders


   Skills:
 - Level 13.0 Fighting
 + Level 17.3 Maces & Flails
 - Level 10.5 Throwing
 - Level 10.2 Armour
 - Level 7.2 Dodging


You had 12 spell levels left.
You didn't know any spells.
Your spell library was empty.

Dungeon Overview and Level Annotations

Branches:
Dungeon (15/15)            Temple (0/1) D:5            Lair (0/5) D:8
    Orc (0/2) D:10         Depths (0/4) D:15        Ossuary (visited)
 Vaults: D:13-14

Altars:
Cheibriados
Fedhas
Gozag
Uskayaw
Vehumet
Xom
Zin

Shops:
D:7 !**   D:11 =(**[

Annotations:
D:8 Amaemon


Innate Abilities, Weirdness & Mutations

You have a pair of large horns on your head.
You reflexively headbutt those who attack you in melee.
You have sharp toenails.


Message History

The fire elemental hits you. The fire elemental burns you!
You closely miss the purple ugly thing.
The purple ugly thing is moderately wounded.
The purple ugly thing barely misses you.
You bludgeon the purple ugly thing!! You burn the purple ugly thing.
You headbutt the purple ugly thing!!
You kill the purple ugly thing!
Trog accepts your kill. The fire elemental closely misses you.
You furiously retaliate!
You headbutt the fire elemental!
The boulder beetle curls into a ball and begins rolling!
Welcome back, MiniTore the Minotaur Berserker.
Trog says: Kill them all!
Press ? for a list of commands and other information.
You bludgeon the fire elemental!!
You destroy the fire elemental!
Trog accepts your kill. The hell hound breathes flames at you.
The blast of flame misses you.
The white ugly thing closely misses you.
You see here a +4 scimitar of flaming.
You bludgeon the white ugly thing!! You burn the white ugly thing!
Your headbutt misses the white ugly thing.
The white ugly thing is severely wounded.
The hell hound bites you! The white ugly thing trunk-slaps you.
The white ugly thing freezes you!!
* * * LOW HITPOINT WARNING * * *
You pound the white ugly thing like an anvil!!!
You burn the white ugly thing!
You kill the white ugly thing!
Trog accepts your kill. The hell hound bites you.
* * * LOW HITPOINT WARNING * * *
You bludgeon the boulder beetle!! You burn the boulder beetle.
The boulder beetle is heavily wounded.
The hell hound breathes flames at you. The blast of flame hits you!
* * * LOW HITPOINT WARNING * * *
The boulder beetle hits you!!
You die...

##.........÷...####..#....
#..≈≈§.§.......#.....#...#
#.≈.≈.≈.........>........#
#.≈≈∩≈≈......###......#..#
##≈.≈.≈##'#....#..###.#..#
##≈≈§###.#.......# #+#..#
##### #.####.#.... ...#
###†####.#.... ...#
#..@..##+##.... ...#
#.hB......###### ..#
#..°......# #..°......#
#..°..##+## ###°### ..#
..#


You could see a boulder beetle (rolling) and a hell hound (catching breath).

Vanquished Creatures
  Gastronok (D:8)
  Azrael (D:14)
  An ettin (D:15)
  2 two-headed ogres (D:15)
  2 centaur warriors
  3 tengu warriors (D:15)
  A hell knight (D:15)
  Sonja (D:11)
  Lodul (D:10)
  An arcanist (D:14)
  Pikel (D:4)
  2 orc knights (D:15)
  A deep elf pyromancer (D:15)
  4 ugly things
  2 cyclopes
  A manticore (D:15)
  Maurice (D:11)
  An orange demon (D:8)
  3 centaur zombies (D:11)
  A gargoyle (D:11)
  An unseen horror (D:12)
  Psyche (D:8)
  2 kobold demonologists (D:12)
  2 tengu conjurers (D:15)
  2 trolls
  Grinder (D:3)
  2 hornets
  4 wraiths
  A shadow (D:11)
  9 yaks
  A steam dragon (D:8)
  2 wyverns (D:11)
  3 vampire mosquitoes (D:12)
  3 fire elementals (D:14)
  3 water moccasins
  Menkaure (D:4)
  3 hell hounds (D:14)
  10 orc warriors
  3 laughing skulls (D:15)
  5 black bears
  7 ogres
  7 centaurs
  A phantom (D:6)
  A lemure (D:4)
  A weeping skull (Ossuary)
  10 bullfrogs
  3 kobold brigands
  3 scorpions
  2 gnoll sergeants (D:9)
  10 water moccasin zombies (Ossuary)
  5 wights (D:10)
  16 killer bees
  6 howler monkeys
  4 crimson imps (D:9)
  2 bombardier beetles
  3 hounds (D:6)
  A jelly (D:5)
  6 orc priests
  An iguana (D:6)
  12 orc wizards
  2 sleepcaps
  3 crocodile zombies (Ossuary)
  2 mummies (Ossuary)
  Robin (D:2)
  14 gnolls
  12 adders
  2 shadow imps
  A white imp (D:7)
  An adder zombie (Ossuary)
  2 ribbon worms
  2 dart slugs (D:4)
  51 orcs
  5 ball pythons
  7 endoplasms
  6 giant cockroaches
  17 goblins
  4 hobgoblins
  2 jackals (D:2)
  5 quokkas
  10 bats
  2 frilled lizards
  5 gnoll zombies (Ossuary)
  4 jackal zombies (Ossuary)
  15 kobolds
  4 orc zombies (Ossuary)
  6 rats
376 creatures vanquished.

Vanquished Creatures (collateral kills)
  A fire dragon (D:14)
  An ogre mage (D:15)
  A two-headed ogre (D:15)
  A centaur warrior (D:15)
  An orc knight (D:15)
  A gargoyle (D:11)
  3 yaks (D:11)
  A boggart (D:15)
  3 ogres (D:15)
  3 killer bees (D:11)
16 creatures vanquished.

Vanquished Creatures (others)
  A kobold (D:9)
1 creature vanquished.

Grand Total: 393 creatures vanquished

Notes
Turn   | Place    | Note
-------+----------+-------------------------------------------
     0 | D:1      | MiniTore the Minotaur Berserker began the quest for the
                  | Orb.
     0 | D:1      | Reached XP level 1. HP: 19/19 MP: 0/0
   159 | D:1      | Reached XP level 2. HP: 28/28 MP: 1/1
   228 | D:1      | Reached ** piety under Trog
   438 | D:1      | You fall into a shaft and drop 1 floor!
   467 | D:2      | Reached skill level 5 in Fighting
   511 | D:3      | Reached XP level 3. HP: 35/36 MP: 2/2
   525 | D:3      | Noticed a +0 dagger
   527 | D:3      | Noticed a +0 dagger
   530 | D:3      | Found a hide-covered altar of Uskayaw.
   673 | D:4      | Noticed Menkaure
   677 | D:4      | Killed Menkaure
   678 | D:4      | Reached XP level 4. HP: 47/47 MP: 3/3
   678 | D:4      | Reached XP level 5. HP: 52/52 MP: 4/4
   729 | D:4      | Noticed a lemure
   730 | D:4      | Noticed a lemure
   730 | D:4      | Noticed a lemure
   731 | D:4      | Noticed Pikel
   734 | D:4      | Noticed a lemure
   779 | D:4      | Killed a lemure
   788 | D:4      | Killed Pikel
   789 | D:4      | Reached skill level 10 in Fighting
   789 | D:4      | Reached XP level 6. HP: 32/66 MP: 5/5
   789 | D:4      | Reached XP level 7. HP: 35/72 MP: 6/6
  1268 | D:3      | Noticed Grinder
  1280 | D:3      | Paralysed by Grinder for 3 turns
  1283 | D:3      | Killed Grinder
  1283 | D:3      | Reached *** piety under Trog
  1284 | D:3      | Reached skill level 5 in Maces & Flails
  2015 | D:2      | Noticed Robin
  2019 | D:2      | Reached skill level 6 in Maces & Flails
  2030 | D:2      | Killed Robin
  2252 | D:2      | Found a faded altar of an unknown god.
  2576 | D:4      | Reached XP level 8. HP: 54/79 MP: 7/7
  2887 | D:5      | Entered Level 5 of the Dungeon
  2929 | D:5      | Reached skill level 7 in Maces & Flails
  2945 | D:5      | Reached skill level 8 in Maces & Flails
  3051 | D:5      | Found a staircase to the Ecumenical Temple.
  3183 | D:5      | Reached **** piety under Trog
  3273 | D:5      | Reached skill level 9 in Maces & Flails
  3885 | D:6      | Reached skill level 10 in Maces & Flails
  4042 | D:6      | Reached skill level 11 in Maces & Flails
  4042 | D:6      | Reached XP level 9. HP: 78/85 MP: 8/8
  4156 | D:6      | Found a sand-covered staircase.
  4169 | Ossuary  | Entered an ossuary
  4270 | Ossuary  | Reached skill level 12 in Maces & Flails
  4415 | Ossuary  | Reached ***** piety under Trog
  4924 | D:6      | Reached skill level 13 in Maces & Flails
  5294 | D:8      | Reached skill level 5 in Armour
  5327 | D:8      | Noticed an orange demon
  5348 | D:8      | Killed an orange demon
  5349 | D:8      | Reached XP level 10. HP: 79/93 MP: 9/9
  5434 | D:8      | Noticed Amaemon
  5488 | D:7      | Found Voir's Assorted Antiques.
  5496 | D:7      | Bought a smoky puce potion for 26 gold pieces
  5496 | D:7      | Bought a cabochon ring for 145 gold pieces
  5497 | D:7      | Gained mutation: Your magical capacity is low. (-10% MP)
                  | [potion of mutation]
  5574 | D:7      | Identified the +10 scale mail of Indemnity {rN+++ Int+4
                  | Dex-4}
  5681 | D:7      | Found Weang's General Store.
  5691 | D:7      | Bought a scroll of identify for 24 gold pieces
  5691 | D:7      | Bought a scroll of identify for 24 gold pieces
  5840 | D:7      | Found Naist's Distillery.
  5886 | D:7      | Bought a potion of mutation for 128 gold pieces
  5886 | D:7      | Bought a potion of mutation for 128 gold pieces
  6168 | D:7      | Paralysed by a hornet for 3 turns
  6181 | D:7      | Reached skill level 5 in Dodging
  6316 | D:7      | Lost mutation: Your magical capacity is low. (-10% MP)
                  | [potion of mutation]
  6316 | D:7      | Gained mutation: You have sharp toenails. [potion of
                  | mutation]
  6316 | D:7      | Gained mutation: You have a pair of large horns on your
                  | head. [potion of mutation]
  6316 | D:7      | Lost mutation: You have a pair of large horns on your head.
                  | [potion of mutation]
  6317 | D:7      | Lost mutation: You have sharp toenails. [potion of
                  | mutation]
  6317 | D:7      | Gained mutation: You have a pair of large horns on your
                  | head. [potion of mutation]
  6317 | D:7      | Gained mutation: You have sharp toenails. [potion of
                  | mutation]
  6437 | D:8      | Found a glowing silver altar of Zin.
  6474 | D:8      | Found a staircase to the Lair.
  6542 | D:8      | Noticed Psyche
  6552 | D:8      | Killed Psyche
  6743 | D:8      | Noticed Gastronok
  6761 | D:8      | Killed Gastronok
  6762 | D:8      | Reached skill level 10 in Armour
  6907 | D:9      | Reached skill level 1 in Throwing
  7155 | D:9      | Received a gift from Trog
  7166 | D:9      | Reached XP level 11. HP: 96/100 MP: 10/10
  7248 | D:9      | Found a radiant altar of Vehumet.
  7382 | D:9      | Found a shimmering altar of Xom.
  7633 | D:10     | Entered Level 10 of the Dungeon
  7726 | D:10     | Noticed Lodul
  7735 | D:10     | Killed Lodul
  7752 | D:10     | Reached skill level 5 in Throwing
  7942 | D:10     | Found a snail-covered altar of Cheibriados.
  7960 | D:10     | Found a blossoming altar of Fedhas.
  8020 | D:10     | Found a staircase to the Orcish Mines.
  8325 | D:11     | Found Xoschorgh's Assorted Antiques.
  8428 | D:11     | Noticed Maurice
  8434 | D:11     | Something stole a ring of ice
  8439 | D:11     | Paralysed by something for 5 turns
  8444 | D:11     | Something stole 261 gold
  8447 | D:11     | Something stole 23 poisoned darts
  8453 | D:11     | Something stole a +3 flail of flaming
  8456 | D:11     | Killed Maurice
  8591 | D:11     | Found Enofaiti's Armour Shoppe.
  8667 | D:11     | Found Qoug's General Store.
  8741 | D:11     | Noticed a cyan ugly thing
  8748 | D:11     | Killed a cyan ugly thing
  8749 | D:11     | Found Xefatt's Weapon Shop.
  8754 | D:11     | Found Zeyrghojie's Jewellery Shoppe.
  8903 | D:11     | Noticed Sonja
  8926 | D:11     | Reached skill level 10 in Throwing
  8927 | D:11     | Killed Sonja
  8928 | D:11     | Reached XP level 12. HP: 106/106 MP: 11/11
  9699 | D:12     | You fall into a shaft and drop 3 floors!
  9699 | D:15     | Entered Level 15 of the Dungeon
  9904 | D:15     | Noticed a centaur warrior
  9914 | D:15     | Killed a centaur warrior
 10134 | D:15     | Identified the +10 great mace of Nakihouz {flame, rPois
                  | Str+3 Stlth-} (Trog gifted it to you on level 15 of the
                  | Dungeon)
 10134 | D:15     | Received a gift from Trog
 10328 | D:15     | Identified the +2 tower shield of Vexation {Will+}
 10448 | D:15     | Noticed a tengu warrior
 10450 | D:15     | Noticed a tengu warrior
 10451 | D:15     | Killed a tengu warrior
 10457 | D:15     | Reached skill level 14 in Maces & Flails
 10461 | D:15     | Killed a tengu warrior
 10476 | D:15     | Noticed a tengu warrior
 10477 | D:15     | Found a staircase to the Depths.
 10477 | D:15     | Noticed an ettin
 10480 | D:15     | Killed an ettin
 10483 | D:15     | Killed a tengu warrior
 10795 | D:15     | Noticed a centaur warrior
 10795 | D:15     | Noticed a two-headed ogre
 10796 | D:15     | Noticed a two-headed ogre
 10801 | D:15     | Reached skill level 15 in Maces & Flails
 10801 | D:15     | Killed a centaur warrior
 10802 | D:15     | Noticed a two-headed ogre
 10803 | D:15     | Noticed an ogre mage
 10804 | D:15     | Killed a two-headed ogre
 10804 | D:15     | Killed a two-headed ogre
 10808 | D:15     | Killed an ogre mage
 10809 | D:15     | Reached XP level 13. HP: 97/122 MP: 12/12
 10812 | D:15     | Reached skill level 16 in Maces & Flails
 10935 | D:14     | Found an opulent altar of Gozag.
 11114 | D:14     | Noticed a fire dragon
 11122 | D:14     | Killed a fire dragon
 11123 | D:14     | Found a flickering gateway to a bazaar.
 11142 | Bazaar   | Entered a bazaar
 11145 | Bazaar   | Found Giok Tafuc's Book Emporium.
 11178 | Bazaar   | Found Jamob's Book Shop.
 11249 | Bazaar   | Found Rekhlo's Jewellery Boutique.
 11283 | Bazaar   | Found Winwokh Gafe's Weapon Boutique.
 11293 | Bazaar   | Found Lunweth's Assorted Antiques.
 11368 | Bazaar   | Bought the ring "Lametol" {Will+ rCorr Int-5 Slay+4 Stlth+}
                  | for 467 gold pieces
 11458 | D:14     | Noticed Azrael
 11477 | D:14     | Killed Azrael
 11478 | D:14     | Reached skill level 17 in Maces & Flails
 11487 | D:14     | Mangled by a boulder beetle

Illustrated notes

Levels and vault maps discovered:
D:1:      lightli_arrival_chessboard, layout_rooms
D:2:      layout_rooms, basic_ecumenical_altar, hangedman_decor_points,
          serial_bayou_pond_d, st_stairs_14, uniq_robin
D:3:      minmay_razor_zed, layout_basic, dancing_weapons_uskayaw, uniq_grinder
D:4:      layout_rooms, reono_crystal_passage, uniq_menkaure, uniq_pikel
D:5:      layout_basic, minmay_temple_entry_offerings
D:6:      layout_loops_ring, mainiacjoe_ossuary_entry_dusty_tomb,
          serial_bayou_crossing
D:7:      layout_loops_ring, serial_aquarium, aquarium_bridge_straight
          [aquarium_subvault_bridge, aquarium_subvault_window,
          aquarium_subvault_bridge, aquarium_subvault_window],
          aquarium_bridge_straight [aquarium_subvault_bridge,
          aquarium_subvault_window, aquarium_subvault_bridge,
          aquarium_subvault_wall], aquarium_window_3, aquarium_window_fake,
          aquarium_window_fake, aquarium_view_2d, aquarium_view_2b,
          serial_shops, nicolae_shop_tiny_waterfront, shop,
          nicolae_lakefront_shop
D:8:      layout_rooms, lemuel_tele_altar, due_lair_maze_entry_diamond,
          uniq_amaemon, uniq_gastronok, uniq_psyche
D:9:      layout_loops_ring, nicolae_overflow_hidden_temple, led_xom_imps,
          minivault_25_ag
D:10:     layout_cave_pools, fedhas_bush_and_centaur_altar, cheibriados_altar_1,
          david_orc_2, uniq_lodul
D:11:     layout_rooms, serial_shops, shop, shop,
          nicolae_shop_bloodbath_and_beyond, nicolae_shop_rolling_square,
          nicolae_shop_overgrown_old_shop, serial_undead, serial_undead_c,
          serial_undead_b, serial_undead_f, serial_undead_e, uniq_maurice,
          uniq_sonja
D:12:     layout_irregular_city
D:14:     nzn_winding_woodlands_medium [nzn_winding_woodlands_5x5_open_star,
          nzn_winding_woodlands_5x15_default,
          nzn_winding_woodlands_5x5_closed_star,
          nzn_winding_woodlands_5x5_three,
          nzn_winding_woodlands_center_diamonds,
          nzn_winding_woodlands_5x5_perimeter,
          nzn_winding_woodlands_5x5_checkerboard,
          nzn_winding_woodlands_5x15_lazy_stream,
          nzn_winding_woodlands_5x5_cross], layout_basic,
          nicolae_trove_entry_crossroad, serial_shops, bzr_entry_water,
          nicolae_gozag_seed_capital, wad_rectangle_vault, uniq_azrael
D:15:     hangedman_depths_entry_civil_slaughter, layout_gridville,
          minmay_misc_feat_alley, nicolae_wwwww, grunt_decor_resistance,
          minmay_diced_spiral

Skill      XL: |  1  2  3  4  5  6  7  8  9 10 11 12 13 |
---------------+----------------------------------------+-----
Fighting       | 4 5 7 10 13 | 13.0
Maces & Flails | 6 11 13 15 17 | 17.3
Armour         | 6 10 | 10.2
Dodging        | 3 7 |  7.2
Throwing       | 1 10 | 10.5

Action                     |  1- 3 |  4- 6 |  7- 9 | 10-12 | 13-15 || total
---------------------------+-------+-------+-------+-------+-------++-------
  Melee: Dagger            |    62 |    20 |     1 |       |       ||    83
         Mace              |     4 |       |       |       |       ||     4
         Headbutt          |    10 |     4 |    72 |    92 |    15 ||   193
         Whip              |       |       |   419 |       |       ||   419
         Punch             |       |       |     3 |     4 |       ||     7
         Morningstar       |       |       |    25 |   498 |       ||   523
         Great mace        |       |       |       |    29 |    36 ||    65
  Throw: Boomerang         |       |       |    21 |    35 |     3 ||    59
         Javelin           |       |       |       |    10 |       ||    10
         Throwing net      |       |       |       |     1 |       ||     1
 Invoke: Berserk           |     1 |     1 |     2 |     6 |     1 ||    11
         Trog's Hand       |       |       |     2 |     4 |     2 ||     8
         Brothers in Arms  |       |       |       |     2 |     1 ||     3
  Evoke: Wand              |       |       |       |    36 |       ||    36
         Sack of spiders   |       |       |       |     1 |       ||     1
    Use: Scroll            |       |       |    18 |    10 |       ||    28
         Potion            |       |       |       |     4 |       ||     4
 Armour: Ring mail         |    22 |       |       |       |       ||    22
         Animal skin       |     2 |       |       |       |       ||     2
         Scale mail        |    20 |    15 |   259 |   605 |    59 ||   958
         Chain mail        |       |       |       |     9 |       ||     9
  Dodge: Dodged            |    34 |    10 |   187 |   353 |    19 ||   603
